 Dungeon Crawl Stone Soup version 0.15.0-29-ga8e3430 (webtiles) character file.

7973 Psiweapon the Grappler (level 11, -5/56 HPs)
             Began as a Gargoyle Transmuter on Sept 12, 2014.
             Was a High Priest of Cheibriados.
             Slain by a hill giant
             ... wielding a +0 giant spiked club
              (14 damage)
             ... on Level 10 of the Dungeon.
             The game lasted 01:07:02 (11769 turns).

Psiweapon the Grappler (Gargoyle Transmuter)       Turns: 11769, Time: 01:07:02

HP  -5/56        AC 28     Str 28      XL: 11   Next: 23%
MP  10/18        EV 17     Int 27      God: Cheibriados [*****.]
Gold 355         SH  0     Dex 25      Spells:  5 memorised,  1 level left

rFire  . . .     SeeInvis .       - Unarmed
rCold  . . .     Clarity  .     w - +0 leather armour
rNeg   + + .     rCorr    .     (shield currently unavailable)
rPois  +         rRot     +     f - +0 helmet
rElec  +         Spirit   .     F - +0 cloak (curse)
SustAb .         Warding  +     B - melded +0 pair of gloves
rMut   .         Stasis   .     (no boots)
Gourm  .                        c - amulet of warding
MR     .....                    Y - +5 ring of protection
                                h - +5 ring of protection

@: blade hands, very slightly contaminated, very slow, not resistant to hostile
enchantments, unstealthy
A: iridescent scales 1, negative energy resistance 1, electricity resistance,
unbreathing, petrification resistance, rot immunity, AC +7
a: End Transformation, Bend Time, Temporal Distortion, Slouch, Step From Time,
Renounce Religion


You were on level 10 of the Dungeon.
You worshipped Cheibriados.
Cheibriados was extremely pleased with you.
You were not hungry.
Your hands were blades.
You visited 2 branches of the dungeon, and saw 11 of its levels.

You collected 659 gold pieces.
You spent 304 gold pieces at shops.

Inventory:

Hand weapons
 b - a +0 hunting sling
 n - a +0 whip of electrocution
 I - a +0 blowgun
 R - a -2 eveningstar
Missiles
 l - 74 poisoned needles
 z - 9 javelins
 J - 54 sling bullets
 Q - 4 tomahawks of returning
 T - 9 tomahawks (quivered)
Armour
 f - a +0 helmet (worn)
 w - a +0 leather armour (worn)
 B - a +0 pair of gloves (melded)
 F - a cursed +0 cloak (worn)
Magical devices
 q - a wand of hasting (6) {unknown}
 L - a wand of slowing (5)
 O - a wand of lightning (7)
 W - a wand of lightning (5)
Comestibles
 a - 5 bread rations
 m - 7 meat rations
 o - a royal jelly
 x - a rotting chunk of adder flesh
 U - 12 fruits
 X - 6 slices of pizza
Scrolls
 j - 3 scrolls of magic mapping
 r - 3 scrolls of immolation
 s - 4 scrolls of remove curse
 t - 2 scrolls of blinking {unknown}
 y - 3 scrolls of enchant armour {unknown}
 D - 2 scrolls of fear
 E - 2 scrolls of random uselessness {unknown}
 H - 3 scrolls of recharging
 N - a scroll of amnesia {unknown}
 S - 2 scrolls of brand weapon {unknown}
 V - 2 scrolls of fog
Jewellery
 c - an amulet of warding (around neck)
 g - an uncursed ring of ice
 h - a +5 ring of protection (left scythe-like blade)
 K - an uncursed amulet of resist mutation
 P - a +3 ring of dexterity
 Y - a +5 ring of protection (right scythe-like blade)
 Z - an uncursed ring of magical power
Potions
 i - 4 potions of haste
 k - 2 potions of restore abilities
 p - a potion of resistance
 u - 4 potions of curing
 A - a potion of agility
 C - a potion of cancellation
 M - a potion of brilliance
Books
 d - a book of Changes

   Spells                             Type                      Level
   *Beastly Appendage                 Transmutation                1
   Sticks to Snakes                   Transmutation                2
   Spider Form                        Transmutation/Poison         3
   *Ice Form                          Ice/Transmutation            4
   *Blade Hands                       Transmutation                5
 e - a book of Conjurations

   Spells                             Type                      Level
   *Magic Dart                        Conjuration                  1
   Searing Ray                        Conjuration                  2
   Dazzling Spray                     Conjuration/Hexes            3
   Fulminant Prism                    Conjuration/Hexes            4
   Iskenderun's Mystic Blast          Conjuration                  4
   Iskenderun's Battlesphere          Conjuration/Charms           5
 v - a book of Spatial Translocations

   Spells                             Type                      Level
   Apportation                        Translocation                1
   *Blink                             Translocation                2
   Shroud of Golubria                 Charms/Translocation         2
   Portal Projectile                  Translocation                3
   Teleport Other                     Translocation                3
   Passage of Golubria                Translocation                4
 G - a book of Power

   Spells                             Type                      Level
   Fulminant Prism                    Conjuration/Hexes            4
   Iskenderun's Mystic Blast          Conjuration                  4
   Venom Bolt                         Conjuration/Poison           5
   Bolt of Magma                      Conjuration/Fire/Earth       5
   Iron Shot                          Conjuration/Earth            6
   Orb of Destruction                 Conjuration                  7


   Skills:
 - Level 1.2 Fighting
 - Level 7.2 Armour
 - Level 5.2 Dodging
 + Level 9.5 Unarmed Combat
 - Level 2.1 Spellcasting
 + Level 7.9 Transmutations
 - Level 5.0 Ice Magic
 + Level 4.6 Invocations


You had one spell level left.
You knew the following spells:

 Your Spells              Type           Power        Failure   Level  Hunger
a - Beastly Appendage     Trmt           #####.       12%         1    None
b - Blink                 Tloc           N/A          54%         2    ##.....
d - Magic Dart            Conj           #...         50%         1    None
B - Blade Hands           Trmt           #####.....   50%         5    #####..
I - Ice Form              Ice/Trmt       #####...     41%         4    ####...


Dungeon Overview and Level Annotations

Branches:
Dungeon (10/15)            Temple (1/1) D:6             Orc (0/4) D:10
   Lair (0/8) D:10

Altars:
Ashenzari
Cheibriados
Dithmenos
Elyvilon
Fedhas
Kikubaaqudgha
Makhleb
Nemelex Xobeh
Okawaru
Qazlal
Sif Muna
Trog
Vehumet
Xom
Yredelemnul
Zin
The Shining One
Jiyva

Shops:
D:6 [   D:10 !

Annotations:
D:8 1 exclusion


Innate Abilities, Weirdness & Mutations

You are resistant to torment.
You are immune to poison.
Your stone body is very resilient (AC +7).
You resist negative energy.
You are resistant to electric shocks.
You can survive without breathing.
You are immune to petrification.
You are immune to rotting.
You are partially covered in iridescent scales (AC +4).


Message History

Confirm with . or Enter, or press ? or * to list all spells.
Your hands turn into razor-sharp scythe blades.
Your +0 pair of gloves melds into your body.
You hit the hill giant.
The hill giant is lightly wounded.
The hill giant hits you with a giant spiked club!!
You slash the hill giant!
The hill giant is moderately wounded.
The hill giant hits you with a giant spiked club!!
* * * LOW HITPOINT WARNING * * *
Casting: Blade Hands
Confirm with . or Enter, or press ? or * to list all spells.
You miscast Blink.
You are very lightly contaminated with residual magic.
You spin around.
Casting: Blink
Confirm with . or Enter, or press ? or * to list all spells.
You miscast Blink.
Your skin tingles.
The hill giant misses you.
The hill giant hits you with a giant spiked club!
You die...

##.# #.# ### #.#
#.###### ##.## #.#
#....... ##.#.####.##
########
##.###.##...##### ##.#
#.##.............. ..#
##(#.#.##....####
#####.# #
##...###.###C##
#....## ##. ###.###.##
##@######.###.###.#
#..#...[#
#.........###.#...
#.#.###.# ##.######..#
##.#.# #.#.#
##.###..........#
###.# ##.#.##
#...########..# #.#
#.....## #.#.# #..#
#.# #.#....# #.#.#
#... ..# #......#
#.#.########..########
####.#.#
#.#...................


You could see a hill giant.

Vanquished Creatures
  Pikel (D:8)
  2 hill giants (D:10)
  A troll (D:10)
  A hill giant zombie (D:6)
  2 yaks (D:8)
  Eustachio (D:6)
  2 hippogriffs
  2 hungry ghosts
  The ghost of xsansara the Cudgeler, an average GrFi (D:6)
  2 slaves (D:7)
  3 orc warriors
  A necrophage (D:8)
  An ice beast (D:7)
  4 sky beasts
  9 centaurs
  2 phantoms
  5 ogres
  The ghost of TZer0 the Shield-Bearer, an average VSFi (D:3)
  A cyclops zombie (D:8)
  3 big kobolds
  A gnoll sergeant (D:7)
  10 scorpions
  3 wights (D:9)
  3 giant frogs (D:7)
  A troll zombie (D:10)
  5 crimson imps
  4 killer bees
  5 hounds
  3 jellies (D:8)
  6 orc wizards
  A gnoll shaman (D:10)
  5 orc priests
  A black bear skeleton (D:5)
  6 worker ants
  3 iguanas
  A mottled dragon zombie (D:9)
  An ogre skeleton (D:10)
  2 sheep (D:8)
  A hound skeleton (D:7)
  A mummy (D:10)
  A scorpion zombie (D:7)
  12 adders
  15 gnolls
  3 shadow imps
  3 giant mites
  A worm (D:2)
  2 adder zombies
  4 oozes
  34 orcs
  A ball python (D:1)
  27 bats
  14 goblins
  18 hobgoblins
  11 jackals
  2 quokkas
  7 giant cockroaches
  5 giant geckos
  5 giant newts
  A hobgoblin skeleton (D:5)
  17 kobolds
  A kobold skeleton (D:4)
  A kobold zombie (D:7)
  17 rats
  A rat zombie (D:7)
  13 ballistomycetes (D:7)
324 creatures vanquished.

Vanquished Creatures (others)
  2 slaves (D:8)
  A jelly (D:7)
  An orc wizard (D:8)
  2 orcs (D:8)
  2 giant spores (D:7)
8 creatures vanquished.

Grand Total: 332 creatures vanquished

Notes
Turn   | Place    | Note
--------------------------------------------------------------
     0 | D:1      | Psiweapon, the Gargoyle Transmuter, began the quest for the Orb.
     0 | D:1      | Reached XP level 1. HP: 12/12 MP: 3/3
   258 | D:1      | Reached XP level 2. HP: 16/16 MP: 2/4
  1018 | D:1      | Reached XP level 3. HP: 20/20 MP: 4/6
  1182 | D:2      | Reached skill level 4 in Unarmed Combat
  1602 | D:2      | Reached XP level 4. HP: 22/25 MP: 5/7
  2037 | D:3      | Noticed TZer0's ghost (average VSFi)
  2051 | D:3      | Killed TZer0's ghost
  2051 | D:3      | Reached skill level 5 in Unarmed Combat
  2051 | D:3      | Reached XP level 5. HP: 23/29 MP: 9/9
  2741 | D:3      | Reached XP level 6. HP: 31/34 MP: 10/10
  2749 | D:3      | Reached skill level 6 in Unarmed Combat
  3215 | D:4      | Noticed an ogre
  3220 | D:4      | Killed an ogre
  3221 | D:4      | Noticed a phantom
  3990 | D:5      | Entered Level 5 of the Dungeon
  4024 | D:5      | Reached XP level 7. HP: 38/38 MP: 12/12
  4440 | D:5      | Reached skill level 7 in Unarmed Combat
  4754 | D:5      | Reached XP level 8. HP: 43/43 MP: 13/13
  4846 | D:5      | Reached skill level 5 in Dodging
  5326 | D:5      | Reached skill level 8 in Unarmed Combat
  5457 | D:6      | Reached skill level 1 in Armour
  5465 | D:6      | Noticed Eustachio
  5482 | D:6      | Killed Eustachio
  5749 | D:6      | Found a staircase to the Ecumenical Temple.
  5758 | Temple   | Entered the Ecumenical Temple
  5851 | Temple   | Became a worshipper of Cheibriados the Contemplative
  5895 | Temple   | Learned a level 4 spell: Ice Form
  5901 | Temple   | Learned a level 5 spell: Blade Hands
  5996 | D:6      | Reached skill level 1 in Ice Magic
  6163 | D:6      | Found Evvianus' Armour Emporium.
  6181 | D:6      | Reached XP level 9. HP: 32/47 MP: 15/15
  6633 | D:6      | Noticed xsansara's ghost (average GrFi)
  6648 | D:6      | Killed xsansara's ghost
  7017 | D:8      | Found a viscous altar of Jiyva.
  7304 | D:7      | Reached skill level 5 in Ice Magic
  7441 | D:8      | Noticed Pikel
  7583 | D:8      | Reached skill level 5 in Transmutations
  8177 | D:7      | Reached XP level 10. HP: 31/52 MP: 11/16
  8180 | D:7      | Reached skill level 5 in Armour
  8639 | D:7      | Found a blossoming altar of Fedhas.
  8948 | D:7      | Acquired Cheibriados' first power
  9170 | D:8      | Killed Pikel
  9614 | D:8      | Acquired Cheibriados' second power
  9755 | D:8      | Reached skill level 1 in Invocations
 10453 | D:9      | Learned a level 2 spell: Blink
 10455 | D:9      | Learned a level 1 spell: Magic Dart
 10692 | D:10     | Entered Level 10 of the Dungeon
 10692 | D:10     | Noticed a hill giant
 10700 | D:10     | Killed a hill giant
 10972 | D:10     | Noticed a hill giant
 10980 | D:10     | Killed a hill giant
 10980 | D:10     | Reached skill level 9 in Unarmed Combat
 10980 | D:10     | Reached XP level 11. HP: 56/56 MP: 12/18
 11006 | D:10     | Found a snail-covered altar of Cheibriados.
 11074 | D:10     | Acquired Cheibriados' third power
 11093 | D:10     | Found a staircase to the Orcish Mines.
 11166 | D:10     | Found Qesti's Distillery.
 11177 | D:10     | Bought a potion of poison for 16 gold pieces
 11177 | D:10     | Bought a potion of mutation for 40 gold pieces
 11179 | D:10     | Bought a potion of berserk rage for 48 gold pieces
 11179 | D:10     | Bought a potion of haste for 112 gold pieces
 11179 | D:10     | Bought a potion of cancellation for 88 gold pieces
 11193 | D:10     | Gained mutation: You are partially covered in iridescent scales (AC +4). [potion of mutation]
 11666 | D:10     | Found a staircase to the Lair.
 11762 | D:10     | Noticed a hill giant
 11769 | D:10     | Slain by a hill giant

Action                   |  1- 3 |  4- 6 |  7- 9 | 10-12 || total
-------------------------+-------+-------+-------+-------++-------
Melee: Unarmed           |   174 |   214 |   401 |   389 ||  1178
       Blowgun           |       |       |       |     1 ||     1
 Fire: Blowgun           |       |     5 |    66 |    20 ||    91
       Hunting sling     |       |       |       |    20 ||    20
Throw: Stone             |       |     8 |     4 |       ||    12
       Javelin           |       |     3 |     2 |       ||     5
       Tomahawk          |       |       |     4 |       ||     4
 Cast: Beastly Appendage |    27 |    23 |    42 |    27 ||   119
       Ice Form          |       |       |     3 |     2 ||     5
       Blade Hands       |       |       |       |     7 ||     7
       Magic Dart        |       |       |       |     3 ||     3
       Blink             |       |       |       |     1 ||     1
Invok: Bend Time         |       |       |     1 |       ||     1
Evoke: Wand              |       |     2 |     6 |       ||     8
  Use: Potion            |       |     1 |       |     1 ||     2
       Scroll            |       |       |    10 |     4 ||    14
 Stab: Sleeping          |       |       |       |     1 ||     1
       Distracted        |       |       |       |     1 ||     1
  Eat: Chunk             |     3 |     6 |    13 |    11 ||    33
       Pizza             |       |     1 |     1 |       ||     2
       Beef jerky        |       |       |       |     1 ||     1
